 Dungeon Crawl Stone Soup version 0.30-a0-728-gc68057be0a (webtiles) character file.

Game seed: 8340206486750483624

1700 Lobster4 the Cleaver (level 9, -9/78 HPs)
             Began as a Hill Orc Fighter on Jan 30, 2023.
             Mangled by Duvessa
             ... wielding a +0 short sword
              (15 damage)
             ... on level 6 of the Dungeon.
             The game lasted 00:10:27 (4248 turns).

Lobster4 the Cleaver (Hill Orc Fighter)             Turns: 4248, Time: 00:10:28

Health: -9/78      AC: 12    Str: 23    XL:     9   Next: 3%
Magic:  0/9        EV:  9    Int:  8    God:
Gold:   184        SH:  5    Dex: 10    Spells: 8/8 levels left

rFire   . . .      SeeInvis .    a - +0 war axe
rCold   . . .      Faith    .    c - +0 buckler
rNeg    . . .      Spirit   +    e - +1 scale mail {rPois}
rPois   +          Reflect  .    (no helmet)
rElec   .          Harm     .    p - +1 cloak {Will+}
rCorr   .          Rampage  .    (no gloves)
Will    +....                    l - +0 pair of boots Stlth
                                 i - amulet of guardian spirit
HPRegen 0.33/turn                (no ring)
MPRegen 0.11/turn                (no ring)

@: no status effects
A: no striking features
a: no special abilities


You were on level 6 of the Dungeon.
You visited 1 branch of the dungeon, and saw 6 of its levels.

You collected 250 gold pieces.
You spent 66 gold pieces at shops.

Inventory:

Hand Weapons
 a - a +0 war axe (weapon)
 k - a +0 mace
 q - a +0 sling
Missiles
 g - 12 boomerangs (quivered)
 n - a throwing net
Armour
 c - a +0 buckler (worn)
 e - a +1 scale mail of poison resistance (worn)
 l - a +0 pair of boots (worn)
 p - a +1 cloak of willpower (worn)
Jewellery
 i - an amulet of guardian spirit (around neck)
Scrolls
 o - 2 scrolls of immolation
Potions
 b - a potion of lignification
 f - a potion of invisibility {unknown}
 j - 3 potions of brilliance
 r - a potion of curing {unknown}
 s - a potion of cancellation {unknown}


   Skills:
 + Level 6.7 Fighting
 * Level 9.2 Axes
 - Level 3.0 Throwing
 + Level 6.1 Armour
 + Level 6.1 Shields


You had 8 spell levels left.
You didn't know any spells.
Your spell library contained the following spells:

 Spells                   Type           Power      Damage    Failure   Level
 Cigotuvi's Dreadful Rot  Necr/Pois/Air  0%         N/A       89%         2
 Poisonous Vapours        Pois/Air       0%         N/A       89%         2
 Mephitic Cloud           Conj/Pois/Air  0%         N/A       98%         3
 Ozocubu's Armour         Ice            0%         N/A       98%         3
 Ozocubu's Refrigeration  Ice            0%         4d7       100%        7


Dungeon Overview and Level Annotations

Branches:
Dungeon (5/15)
 Temple: D:4-7

Altars:
Nemelex Xobeh
Trog
Vehumet
Wu Jian
Xom
Yredelemnul

Shops:
D:2 *   D:4 *

Annotations:
D:4 Bear
D:5 1 runed translucent door, pokeman's ghost, novice DEHW
D:6 Duvessa


Message History

You hit Duvessa.
Duvessa is heavily wounded.
Duvessa hits you but does no damage. Duvessa hits you with a +0 short sword.
* * * LOW HITPOINT WARNING * * *
You hit Duvessa but do no damage.
Duvessa is heavily wounded.
Duvessa hits you but does no damage. Duvessa hits you with a +0 short sword.
* * * LOW HITPOINT WARNING * * *
You hit Duvessa.
Duvessa is severely wounded.
Duvessa hits you but does no damage.
You hit Duvessa.
Duvessa is severely wounded.
You block Duvessa's attack. Duvessa hits you but does no damage.
You hit Duvessa but do no damage.
Duvessa is severely wounded.
Duvessa hits you with a +0 short sword!
* * * LOW HITPOINT WARNING * * *
You barely miss Duvessa.
Duvessa is severely wounded.
You block Duvessa's attack. Duvessa barely misses you.
You hit Duvessa.
Duvessa is severely wounded.
You block Duvessa's attack. Duvessa barely misses you.
You hit Duvessa.
Duvessa is almost dead.
Duvessa hits you with a +0 short sword.
* * * LOW HITPOINT WARNING * * *
You closely miss Duvessa.
Duvessa is almost dead.
You feel less wooden.
Your +1 cloak of willpower unmelds from your body.
Your +0 pair of boots unmelds from your body.
Your +1 scale mail of poison resistance unmelds from your body.
You feel strong-willed.
You feel resistant to poison. Duvessa hits you but does no damage.
You block Duvessa's attack.
You hit Duvessa.
Duvessa is almost dead.
Duvessa hits you with a +0 short sword. Duvessa hits you with a +0 short sword!
You die...

#######
##!....##
##)).....##
#@e.).)...#
####).....#
#..)...#
#......#
#......#
#$....##
#......#
####
#......#
...#
#......#


You could see Duvessa (berserk).

Vanquished Creatures
  Eustachio (D:6)
  2 water moccasins (D:6)
  An ice beast (D:5)
  A black bear (D:5)
  2 scorpions
  A necrophage (D:5)
  2 bullfrogs (D:6)
  5 wights (D:6)
  Dowan (D:6)
  3 crimson imps (D:3)
  4 hounds (D:5)
  2 orc priests
  An iguana (D:5)
  3 orc wizards
  9 adders
  A white imp (D:4)
  2 ufetubi
  A worm (D:3)
  A dart slug (D:2)
  16 orcs
  2 endoplasms
  6 giant cockroaches
  8 goblins
  6 hobgoblins
  6 jackals
  3 kobolds
  4 quokkas
  5 ball pythons
  3 bats
  A frilled lizard (D:2)
  7 rats
110 creatures vanquished.

Notes
Turn   | Place    | Note
-------+----------+-------------------------------------------
     0 | D:1      | Lobster4 the Hill Orc Fighter began the quest for the Orb.
     0 | D:1      | Reached XP level 1. HP: 19/19 MP: 1/1
   238 | D:1      | Reached skill level 3 in Axes
   554 | D:1      | Reached XP level 2. HP: 23/27 MP: 2/2
   940 | D:2      | Reached XP level 3. HP: 33/33 MP: 3/3
  1032 | D:2      | Found Ytavac's General Store.
  1041 | D:2      | Bought a potion of lignification for 30 gold pieces
  1283 | D:2      | Reached skill level 4 in Axes
  1307 | D:2      | Reached XP level 4. HP: 40/40 MP: 4/4
  1352 | D:2      | Found a radiant altar of Vehumet.
  2373 | D:3      | Found a shimmering altar of Xom.
  2380 | D:3      | Reached XP level 5. HP: 46/47 MP: 5/5
  2384 | D:3      | Reached skill level 5 in Axes
  2768 | D:3      | Reached skill level 1 in Throwing
  2768 | D:3      | Reached XP level 6. HP: 53/53 MP: 6/6
  2845 | D:4      | Found Qoteupru's General Store.
  2859 | D:4      | Bought a potion of attraction for 36 gold pieces
  2872 | D:4      | Found a basalt altar of Yredelemnul.
  3013 | D:4      | Noticed a black bear
  3114 | D:4      | Found a sparkling altar of Nemelex Xobeh.
  3451 | D:5      | Entered Level 5 of the Dungeon
  3506 | D:5      | Reached skill level 6 in Axes
  3508 | D:5      | Found a bloodstained altar of Trog.
  3508 | D:5      | Noticed a black bear
  3508 | D:5      | Noticed a black bear
  3511 | D:5      | Found a runed translucent door.
  3511 | D:5      | Noticed pokeman's ghost (novice DEHW)
  3652 | D:5      | Reached skill level 5 in Fighting
  3652 | D:5      | Reached XP level 7. HP: 61/61 MP: 7/7
  3838 | D:5      | Reached skill level 5 in Armour
  3900 | D:5      | Reached skill level 7 in Axes
  3900 | D:5      | Reached skill level 5 in Shields
  4037 | D:5      | Found an ornate altar of the Wu Jian Council.
  4065 | D:5      | You fall into a shaft and drop 1 floor!
  4088 | D:6      | Noticed Eustachio
  4091 | D:6      | Noticed Dowan
  4095 | D:6      | Noticed Duvessa
  4096 | D:6      | Reached XP level 8. HP: 65/69 MP: 8/8
  4101 | D:6      | Killed Dowan
  4114 | D:6      | Killed Eustachio
  4115 | D:6      | Reached skill level 8 in Axes
  4159 | D:6      | Reached skill level 9 in Axes
  4177 | D:6      | Reached XP level 9. HP: 7/78 MP: 1/9
  4248 | D:6      | Mangled by Duvessa

Illustrated notes

Levels and vault maps discovered:
D:1:      onia_arrival_mini_maze, layout_loops_corners
D:2:      layout_basic, serial_shops, shop, basic_altar, minmay_rat_gold_closets
D:3:      layout_loops_cross, led_xom_imps, minmay_quadrilaterals
D:4:      layout_gridville, yredelemnul_altar_generic,
          nemelex_diamond_rough_becter, serial_shops, shop
D:5:      layout_loops_ring, nicolae_wu_jian_immortal_techniques,
          trog_ov_bears_minmay, hellmonk_ghost_happy_afterlife,
          chequers_serial_rivers_room_b, minmay_misc_feat_ornament,
          skrybe_limestone_x
D:6:      cheibrodos_quashed, layout_rooms, minmay_temple_entry_offerings,
          lemuel_flamethrower_1, uniq_duvessa, uniq_eustachio

Skill      XL: |  1  2  3  4  5  6  7  8 |
---------------+-------------------------+-----
Axes           | 3 4 5 6 7 9 |  9.2
Fighting       | 4 5 6 |  6.7
Armour         | 4 5 6 |  6.1
Shields        | 4 5 6 |  6.1
Throwing       | 1 2 3 |  3.0

Action                     |  1- 3 |  4- 6 |  7- 9 || total
---------------------------+-------+-------+-------++-------
  Melee: War axe           |   100 |   198 |   110 ||   408
  Throw: Boomerang         |       |     9 |    28 ||    37
         Throwing net      |       |     1 |       ||     1
    Use: Scroll            |       |     7 |     3 ||    10
         Potion            |       |       |     6 ||     6
 Armour: Scale mail        |    67 |   121 |    48 ||   236
         Skin              |       |       |    45 ||    45
  Dodge: Dodged            |    74 |   128 |    59 ||   261
  Block: Buckler           |    22 |    53 |    48 ||   123

Table legend: (Time is in decaauts)
 A = Elapsed time spent in this place.
 B = Non-inter-level travel time spent in this place.
 C = Inter-level travel time spent in this place.
 D = Time resting spent in this place.
 E = Time spent auto-exploring this place.
 F = Levels seen in this place.
 G = Mean time per level.
                   A        B        C        D        E       F      G
               +--------+--------+--------+--------+--------+-----+--------+
         Total |   4366 |   4158 |    208 |    263 |   2888 |   6 |  727.7 |
       Dungeon |   4366 |   4158 |    208 |    263 |   2888 |   6 |  727.7 |
               +--------+--------+--------+--------+--------+-----+--------+

Top non-repeatable levels by time:
     D:3: 1037 daAuts
     D:2: 1017 daAuts
     D:1: 880 daAuts
     D:5: 632 daAuts
     D:4: 605 daAuts
     D:6: 193 daAuts
